 Dungeon Sprint DCSS version 0.26-a0-1181-gd376ed14c5 (webtiles) character file.

Game seed: 5170778525273450157

47093 rocky1 the Black Belt (level 14, -2/121 HPs)
             Began as a Gnoll Transmuter on Dec 26, 2020.
             Was the Champion of Cheibriados.
             Killed from afar by a fire giant (57 damage)
             ... with a bolt of fire
             ... in the Dungeon (Sprint IX: "|||||||||||||||||||||||||||||").
             The game lasted 00:24:49 (6257 turns).

rocky1 the Black Belt (Gnoll Transmuter)            Turns: 6257, Time: 00:24:52

Health: -2/121     AC: 14    Str: 29    XL:     14   Next: 40%
Magic:  27/33      EV: 30    Int: 34    God:    Cheibriados [******]
Gold:   470        SH:  0    Dex: 31    Spells: 28/43 levels left

rFire    . . .     SeeInvis +     - Unarmed
rCold    + . .     Faith    .   (shield currently unavailable)
rNeg     . . .     Spirit   .   l - +0 troll leather armour
rPois    +         Reflect  .   a - +2 hat {Will+}
rElec    .         Harm     .   n - +1 cloak {rPois}
rCorr    .         Rampage  .   (gloves currently unavailable)
Will     ++...     NoTele   +   x - +2 pair of boots {Fly}
Stlth    ++++++....             E - amulet of the acrobat
HPRegen  0.70/turn              q - ring of see invisible
MPRegen  0.23/turn              m - ring of protection from cold

@: blade hands, very slow
A: distributed training, fangs 1, strong nose
a: End Transformation, Renounce Religion, Evoke Flight, Bend Time, Temporal
Distortion, Slouch, Step From Time


You were in the Dungeon.
You worshipped Cheibriados.
Cheibriados was exalted by your worship.
You had blades for hands.
You visited 1 branch You collected 1930 gold pieces.
You spent 1460 gold pieces at shops.

Inventory:

Hand Weapons
 s - the +7 executioner's axe "Idaril" {freeze, rPois}
   (You found it in the Dungeon)

   It has been specially enchanted to freeze those struck by it, causing extra
   injury to most foes and up to half again as much damage against particularly
   susceptible opponents.
   It can also slow down cold-blooded creatures.
   It protects you from poison.
 A - a +1 scimitar of freezing
 G - a +2 scimitar of holy wrath
Missiles
 u - 7 javelins
Armour
 a - a +2 hat of willpower (worn)
 l - a +0 troll leather armour (worn)
 n - a +1 cloak of poison resistance (worn)
 r - a +1 cloak of stealth
 v - a +3 leather armour of cold resistance
 w - a +0 buckler
 x - a +2 pair of boots of flying (worn)
 y - a +1 pair of gloves (melded)
 z - a +2 leather armour of fire resistance
 D - a +0 cloak of willpower
Jewellery
 g - an uncursed ring of poison resistance
 m - a ring of protection from cold (right scythe-like blade)
 o - a +3 ring of intelligence
 p - a +3 ring of intelligence
 q - a ring of see invisible (left scythe-like blade)
 E - an amulet of the acrobat (around neck)
Wands
 k - a wand of acid (10)
 t - a wand of polymorph (6)
Scrolls
 b - 2 scrolls of fog
 e - 4 scrolls of enchant weapon
 h - 4 scrolls of blinking
 i - 3 scrolls of remove curse
 j - 3 scrolls of amnesia
 F - 4 scrolls of enchant armour
Potions
 c - 7 potions of curing
 d - 4 potions of heal wounds
 f - 4 potions of magic
 B - a potion of flight
 C - a potion of degeneration {unknown}


   Skills:
 + Level 14.5 Fighting
 + Level 14.3 Short Blades
 + Level 14.3 Long Blades
 + Level 14.3 Axes
 + Level 14.3 Maces & Flails
 + Level 14.3 Polearms
 + Level 14.3 Staves
 + Level 14.3 Slings
 + Level 14.3 Bows
 + Level 14.3 Crossbows
 + Level 14.3 Throwing
 + Level 14.3 Armour
 + Level 14.9 Dodging
 + Level 14.3 Stealth
 + Level 14.3 Shields
 + Level 15.4 Unarmed Combat
 + Level 15.0 Spellcasting
 + Level 12.3 Conjurations
 + Level 12.3 Hexes
 + Level 12.3 Summonings
 + Level 12.3 Necromancy
 + Level 12.3 Translocations
 + Level 12.8 Transmutations
 + Level 12.3 Fire Magic
 + Level 12.3 Ice Magic
 + Level 12.3 Air Magic
 + Level 12.3 Earth Magic
 + Level 12.3 Poison Magic
 + Level 15.4 Invocations
 + Level 14.3 Evocations


You had 28 spell levels left.
You knew the following spells:

 Your Spells              Type           Power        Failure   Level
a - Beastly Appendage     Tmut           100%         3%          1
b - Wereblood             Tmut           85%          3%          2
c - Spider Form           Tmut/Pois      42%          4%          3
d - Ice Form              Ice/Tmut       84%          7%          4
e - Blade Hands           Tmut           42%          10%         5

Your spell library contained the following spells:

 Spells                   Type           Power        Failure   Level


Dungeon Overview and Level Annotations

Branches:
Dungeon (1/1)

Altars:
Cheibriados
Dithmenos
Elyvilon
Fedhas
Gozag
Hepliaklqana
Kikubaaqudgha
Makhleb
Nemelex Xobeh
Okawaru
Qazlal
Ru
Sif Muna
Trog
Uskayaw
Vehumet
Wu Jian
Xom
Yredelemnul
Zin
The Shining One
Beogh
Jiyva
Lugonu

Shops:
D *[[[


Innate Abilities, Weirdness & Mutations

Your experience applies equally to all skills.
You have very sharp teeth.
Your uncanny sense of smell can sniff out nearby items.


Message History

You kill the stone giant!
Cheibriados appreciates the change of pace.
The fire dragon breathes flames at you.
The blast of flame hits something!!
The blast of flame misses you.
Unknown command.
You're wearing all the rings you can.
Remove which one? (? for menu, Esc to cancel) < or
o - a +3 ring of intelligence; > or
m - a ring of protection from cold You remove your +3 ring of intelligence.
You feel stupid.
Reactivating autopickup.
q - a ring of see invisible (left scythe-like blade)
You slice the necromancer!!
You kill the necromancer!
Cheibriados appreciates the change of pace.
The fire giant's soul is no longer bound.
The fire giant casts a spell at you.
The bolt of fire hits the fire dragon.
The fire dragon resists.
The bolt of fire hits you!!!
You die...

.......'.=.=.)))))).).[.[.[[[[...
▓▓▓▓▓▓▓▓▓▓▓▓▓▓▓▓▓▓▓▓▓▓▓▓▓▓▓▓▓▓▓▓▓
.................................
▓▓▓▓▓▓▓▓▓▓▓▓▓♣♣♣♣♣♣♣♣♣♣▓▓▓▓▓▓▓▓▓▓
............)).........')))......
▓▓▓▓▓▓▓▓▓▓▓▓▓♣♣♣♣♣♣♣♣♣♣▓▓▓▓▓▓▓▓▓▓
.................................
▓▓▓▓▓▓▓▓▓▓▓▓▓▓▓▓▓▓▓▓▓▓▓▓▓▓▓▓▓▓▓▓▓
..........(....(@)D.CDTC
▓▓▓▓▓▓▓▓▓▓▓▓▓▓▓▓▓▓▓▓▓▓▓▓ ∆∆∆∆∆
∆∆∆∆∆∆ ∆∆∆∆


You could see 2 fire giants, 2 fire dragons and a deep troll shaman (soul
bound).

Vanquished Creatures
  Gastronok (D)
  Agnes (D)
  A ghost moth (D)
  A frost giant (D)
  An emperor scorpion (D)
  A very ugly thing (D)
  2 stone giants (D)
  2 entropy weavers (D)
  2 bunyips (D)
  A spark wasp (D)
  An ettin (D)
  A rakshasa (D)
  A fire dragon (D)
  A hydra (D)
  A two-headed ogre (D)
  2 tengu warriors (D)
  A satyr (D)
  3 alligators (D)
  4 ogre magi (D)
  Urug (D)
  An orc high priest (D)
  A shock serpent (D)
  A spriggan (D)
  2 unseen horrors (D)
  8 deep trolls (D)
  A spriggan druid (D)
  A wizard (D)
  2 swamp dragons (D)
  A necromancer (D)
  A wolf spider (D)
  A mana viper (D)
  An ugly thing (D)
  An orc sorcerer (D)
  An orb spider (D)
  A cyclops (D)
  A manticore (D)
  A moth of wrath (D)
  An elephant (D)
  Maurice (D)
  3 naga magi (D)
  A guardian serpent (D)
  A water nymph (D)
  2 black mambas (D)
  2 cane toads (D)
  2 komodo dragons (D)
  A demonic crawler (D)
  5 polar bears (D)
  4 merfolk (D)
  A polar bear (shapeshifter) (D)
  2 trolls (D)
  A wind drake (D)
  A snapping turtle (D)
  2 hornets (D)
  A redback (D)
  A yak (D)
  A wyvern (D)
  2 basilisks (D)
  A vampire mosquito (D)
  A naga (D)
  4 water moccasins (D)
  13 orc warriors (D)
  An ice beast (D)
  4 black bears (D)
  3 wolves (D)
  2 bullfrogs (D)
  2 scorpions (D)
  A wight (D)
  2 orc priests (D)
  3 orc wizards (D)
  4 worker ants (D)
  An adder skeleton (D)
  6 orcs (D)
  A bat zombie (D)
  2 goblins (D)
  A jackal (D)
  A quokka (D)
  A bat (D)
  A frilled lizard (D)
  A leopard gecko skeleton (D)
  2 rats (D)
148 creatures vanquished.

Vanquished Creatures (others)
  An ice dragon (D)
1 creature vanquished.

Grand Total: 149 creatures vanquished

Notes
Turn   | Place    | Note
-------+----------+-------------------------------------------
     0 | D        | rocky1 the Gnoll Transmuter began the quest for the Orb.
     0 | D        | Reached XP level 1. HP: 17/17 MP: 6/6
    14 | D        | Reached skill level 5 in Spellcasting
    16 | D        | Reached skill level 1 in Invocations
   105 | D        | Noticed a worker ant
   105 | D        | Noticed a scorpion
   110 | D        | Killed a worker ant
   111 | D        | Reached skill level 1 in Short Blades
   111 | D        | Reached skill level 1 in Long Blades
   111 | D        | Reached skill level 1 in Axes
   111 | D        | Reached skill level 1 in Maces & Flails
   111 | D        | Reached skill level 1 in Polearms
   111 | D        | Reached skill level 1 in Staves
   111 | D        | Reached skill level 1 in Slings
   111 | D        | Reached skill level 1 in Bows
   111 | D        | Reached skill level 1 in Crossbows
   111 | D        | Reached skill level 1 in Throwing
   111 | D        | Reached skill level 1 in Armour
   111 | D        | Reached skill level 1 in Stealth
   111 | D        | Reached skill level 1 in Shields
   111 | D        | Reached skill level 1 in Conjurations
   111 | D        | Reached skill level 1 in Hexes
   111 | D        | Reached skill level 1 in Summonings
   111 | D        | Reached skill level 1 in Necromancy
   111 | D        | Reached skill level 1 in Translocations
   111 | D        | Reached skill level 1 in Fire Magic
   111 | D        | Reached skill level 1 in Ice Magic
   111 | D        | Reached skill level 1 in Air Magic
   111 | D        | Reached skill level 1 in Earth Magic
   111 | D        | Reached skill level 1 in Poison Magic
   111 | D        | Reached skill level 1 in Evocations
   111 | D        | Reached XP level 2. HP: 24/24 MP: 6/8
   111 | D        | Reached XP level 3. HP: 29/29 MP: 6/9
   123 | D        | Killed a scorpion
   124 | D        | Reached skill level 5 in Dodging
   124 | D        | Reached XP level 4. HP: 17/37 MP: 7/11
   365 | D        | Found a roughly hewn altar of Beogh.
   365 | D        | Found a snail-covered altar of Cheibriados.
   365 | D        | Found a shadowy altar of Dithmenos.
   365 | D        | Found a white marble altar of Elyvilon.
   365 | D        | Found a blossoming altar of Fedhas.
   365 | D        | Found an opulent altar of Gozag.
   366 | D        | Found a hazy altar of Hepliaklqana.
   367 | D        | Found a viscous altar of Jiyva.
   368 | D        | Found an ancient bone altar of Kikubaaqudgha.
   369 | D        | Became a worshipper of Cheibriados the Contemplative
   370 | D        | Found a corrupted altar of Lugonu.
   371 | D        | Found a burning altar of Makhleb.
   372 | D        | Found a sparkling altar of Nemelex Xobeh.
   373 | D        | Found an iron altar of Okawaru.
   374 | D        | Found a stormy altar of Qazlal.
   375 | D        | Found a sacrificial altar of Ru.
   376 | D        | Found a shimmering blue altar of Sif Muna.
   377 | D        | Found a bloodstained altar of Trog.
   378 | D        | Found a hide-covered altar of Uskayaw.
   379 | D        | Found a radiant altar of Vehumet.
   380 | D        | Found an ornate altar of the Wu Jian Council.
   381 | D        | Found a shimmering altar of Xom.
   382 | D        | Found a basalt altar of Yredelemnul.
   383 | D        | Found a glowing silver altar of Zin.
   384 | D        | Found a glowing golden altar of the Shining One.
   445 | D        | Learned a level 2 spell: Wereblood
   449 | D        | Learned a level 3 spell: Spider Form
   454 | D        | Learned a level 4 spell: Ice Form
   454 | D        | Noticed a bullfrog
   460 | D        | Reached XP level 5. HP: 41/42 MP: 10/13
   466 | D        | Reached * piety under Cheibriados
   473 | D        | Reached skill level 5 in Transmutations
   474 | D        | Reached skill level 5 in Fighting
   474 | D        | Reached XP level 6. HP: 51/51 MP: 12/15
   482 | D        | Reached ** piety under Cheibriados
   598 | D        | Learned a level 5 spell: Blade Hands
   599 | D        | Noticed a two-headed ogre
   599 | D        | Noticed a cyclops
   610 | D        | Killed an unseen horror
   611 | D        | Reached XP level 7. HP: 37/59 MP: 14/18
   613 | D        | Killed a two-headed ogre
   613 | D        | Reached *** piety under Cheibriados
   614 | D        | Reached skill level 5 in Conjurations
   614 | D        | Reached skill level 5 in Hexes
   614 | D        | Reached skill level 5 in Summonings
   614 | D        | Reached skill level 5 in Necromancy
   614 | D        | Reached skill level 5 in Translocations
   614 | D        | Reached skill level 5 in Fire Magic
   614 | D        | Reached skill level 5 in Ice Magic
   614 | D        | Reached skill level 5 in Air Magic
   614 | D        | Reached skill level 5 in Earth Magic
   614 | D        | Reached skill level 5 in Poison Magic
   614 | D        | Reached XP level 8. HP: 20/67 MP: 10/20
   620 | D        | Killed a cyclops
   621 | D        | Reached XP level 9. HP: 27/73 MP: 11/21
   624 | D        | Reached **** piety under Cheibriados
  1047 | D        | Noticed a cane toad
  1051 | D        | Noticed a komodo dragon
  1052 | D        | Killed a cane toad
  1052 | D        | Reached ***** piety under Cheibriados
  1053 | D        | Reached skill level 10 in Unarmed Combat
  1053 | D        | Noticed a cane toad
  1058 | D        | Noticed a komodo dragon
  1060 | D        | Killed a komodo dragon
  1063 | D        | Killed a cane toad
  1063 | D        | Reached ****** piety under Cheibriados
  1067 | D        | Killed a komodo dragon
  1068 | D        | Reached XP level 10. HP: 54/82 MP: 19/23
  1393 | D        | Noticed an elephant
  1400 | D        | Noticed a five-headed hydra
  1419 | D        | Reached skill level 10 in Spellcasting
  1426 | D        | Killed an elephant
  1427 | D        | Reached skill level 10 in Dodging
  1429 | D        | Killed a five-headed hydra
  1434 | D        | Reached skill level 10 in Invocations
  1873 | D        | Noticed Urug
  1878 | D        | Noticed Maurice
  1885 | D        | Killed Urug
  1886 | D        | Reached skill level 10 in Fighting
  1886 | D        | Reached XP level 11. HP: 85/90 MP: 21/25
  1902 | D        | Killed Maurice
  2124 | D        | Noticed an orc sorcerer
  2124 | D        | Noticed an orc high priest
  2129 | D        | Killed an orc sorcerer
  2130 | D        | Reached skill level 10 in Short Blades
  2130 | D        | Reached skill level 10 in Long Blades
  2130 | D        | Reached skill level 10 in Axes
  2130 | D        | Reached skill level 10 in Maces & Flails
  2130 | D        | Reached skill level 10 in Polearms
  2130 | D        | Reached skill level 10 in Staves
  2130 | D        | Reached skill level 10 in Slings
  2130 | D        | Reached skill level 10 in Bows
  2130 | D        | Reached skill level 10 in Crossbows
  2130 | D        | Reached skill level 10 in Throwing
  2130 | D        | Reached skill level 10 in Armour
  2130 | D        | Reached skill level 10 in Stealth
  2130 | D        | Reached skill level 10 in Shields
  2130 | D        | Reached skill level 10 in Evocations
  2148 | D        | Killed an orc high priest
  3019 | D        | Found Tigonod's Assorted Antiques.
  3019 | D        | Noticed a deep troll
  3019 | D        | Noticed an ettin
  3019 | D        | Noticed a deep troll
  3019 | D        | Noticed a deep troll
  3019 | D        | Noticed a deep troll
  3020 | D        | Noticed an ogre mage
  3022 | D        | Killed a deep troll
  3023 | D        | Found Durch's Antique Armour Shoppe.
  3023 | D        | Noticed a deep troll
  3023 | D        | Noticed a deep troll
  3028 | D        | Killed an ettin
  3032 | D        | Killed a deep troll
  3035 | D        | Killed a deep troll
  3036 | D        | Reached skill level 10 in Transmutations
  3041 | D        | Killed a deep troll
  3045 | D        | Killed an ogre mage
  3046 | D        | Reached XP level 12. HP: 49/100 MP: 26/28
  3051 | D        | Found Jesutare's Antique Armour Emporium.
  3056 | D        | Found Cokit's Antique Armour Shoppe.
  3059 | D        | Noticed an ogre mage
  3061 | D        | Noticed an ogre mage
  3063 | D        | Killed an ogre mage
  3068 | D        | Killed an ogre mage
  3470 | D        | Bought an embroidered cloak for 210 gold pieces
  3470 | D        | Bought a glowing leather armour for 140 gold pieces
  3470 | D        | Bought a buckler for 126 gold pieces
  3472 | D        | Bought a pair of embroidered boots for 165 gold pieces
  3474 | D        | Bought a pair of glowing boots for 172 gold pieces
  3474 | D        | Bought a bloodstained leather armour for 161 gold pieces
  3477 | D        | Bought a scroll labelled DEBUFU BUCLIN for 24 gold pieces
  3477 | D        | Bought a cyan potion for 21 gold pieces
  3477 | D        | Bought a sedimented blue potion for 21 gold pieces
  3477 | D        | Bought a glowing cloak for 180 gold pieces
  3477 | D        | Bought a potion of heal wounds for 120 gold pieces
  3477 | D        | Bought a dented bone amulet for 120 gold pieces
  3534 | D        | Identified the cursed +1 leather armour "Boiddos" {Str+6
                  | Slay-2} (You bought it in a shop in the Dungeon)
  3613 | D        | Noticed Gastronok
  3624 | D        | Killed Gastronok
  3625 | D        | Reached skill level 10 in Conjurations
  3625 | D        | Reached skill level 10 in Hexes
  3625 | D        | Reached skill level 10 in Summonings
  3625 | D        | Reached skill level 10 in Necromancy
  3625 | D        | Reached skill level 10 in Translocations
  3625 | D        | Reached skill level 10 in Fire Magic
  3625 | D        | Reached skill level 10 in Ice Magic
  3625 | D        | Reached skill level 10 in Air Magic
  3625 | D        | Reached skill level 10 in Earth Magic
  3625 | D        | Reached skill level 10 in Poison Magic
  3725 | D        | Got the +7 executioner's axe "Idaril" {freeze, rPois}
  4588 | D        | Noticed a tengu warrior
  4592 | D        | Noticed a green very ugly thing
  4597 | D        | Noticed a rakshasa
  4603 | D        | Noticed an ice dragon
  4608 | D        | Killed a green very ugly thing
  4608 | D        | Noticed an ice dragon
  4611 | D        | Killed a tengu warrior
  4612 | D        | Noticed a fire dragon
  4612 | D        | Noticed an ogre mage
  4620 | D        | Killed an ice dragon
  4622 | D        | Noticed a tengu warrior
  4630 | D        | Killed a rakshasa
  4631 | D        | Reached XP level 13. HP: 22/109 MP: 30/30
  4637 | D        | Killed a fire dragon
  4936 | D        | Noticed a bunyip
  4936 | D        | Noticed a bunyip
  4939 | D        | Killed a bunyip
  4953 | D        | Killed a bunyip
  5099 | D        | Killed a ghost moth
  5497 | D        | Noticed a spark wasp
  5497 | D        | Noticed an entropy weaver
  5497 | D        | Noticed an emperor scorpion
  5501 | D        | Killed a spark wasp
  5507 | D        | Killed an entropy weaver
  5514 | D        | Noticed an entropy weaver
  5519 | D        | Killed an emperor scorpion
  5520 | D        | Reached XP level 14. HP: 18/119 MP: 20/32
  5520 | D        | Killed an entropy weaver
  5521 | D        | Reached skill level 15 in Unarmed Combat
  5782 | D        | Reached skill level 15 in Invocations
  6148 | D        | Noticed Agnes
  6159 | D        | Killed Agnes
  6232 | D        | Noticed a frost giant
  6232 | D        | Noticed a stone giant
  6232 | D        | Noticed a stone giant
  6237 | D        | Noticed a fire giant
  6242 | D        | Killed a frost giant
  6248 | D        | Killed a stone giant
  6249 | D        | Reached skill level 15 in Spellcasting
  6251 | D        | Noticed a fire giant
  6254 | D        | Killed a stone giant
  6257 | D        | Killed from afar by a fire giant

Illustrated notes

Levels and vault maps discovered:
D:        linesprint [early_d, line_temple, items_1, d_10, items_2, lair_1,
          lair_end, items_3, orc_1, orc_end, items_4, d_15, swamp_1, shoals_1,
          snake_1, spider_1, d_20, vaults_1, items_5, swamp_end, shoals_end,
          snake_end, spider_end, vaults_end, d_27, items_6, zot_1, zot_end,
          crypt_end, forest_end, elf_end, slime_end, tomb_end, abyss_end,
          pan_hell_end]

Skill      XL: |  1  2  3  4  5  6  7  8  9 10 11 12 13 14 |
---------------+-------------------------------------------+-----
Spellcasting   | 5 6 7 8 9 10 12 13 14 15 | 15.0
Invocations    | 2 3 4 6 7 9 10 11 13 14 15 | 15.4
Fighting       | 3 4 5 6 7 8 10 11 12 13 14 | 14.5
Short Blades   | 1 2 3 4 6 7 8 9 11 12 13 14 | 14.3
Long Blades    | 1 2 3 4 6 7 8 9 11 12 13 14 | 14.3
Axes           | 1 2 3 4 6 7 8 9 11 12 13 14 | 14.3
Maces & Flails | 1 2 3 4 6 7 8 9 11 12 13 14 | 14.3
Polearms       | 1 2 3 4 6 7 8 9 11 12 13 14 | 14.3
Staves         | 1 2 3 4 6 7 8 9 11 12 13 14 | 14.3
Slings         | 1 2 3 4 6 7 8 9 11 12 13 14 | 14.3
Bows           | 1 2 3 4 6 7 8 9 11 12 13 14 | 14.3
Crossbows      | 1 2 3 4 6 7 8 9 11 12 13 14 | 14.3
Throwing       | 1 2 3 4 6 7 8 9 11 12 13 14 | 14.3
Armour         | 1 2 3 4 6 7 8 9 11 12 13 14 | 14.3
Stealth        | 1 2 3 4 6 7 8 9 11 12 13 14 | 14.3
Shields        | 1 2 3 4 6 7 8 9 11 12 13 14 | 14.3
Conjurations   | 1 2 3 4 5 6 7 8 9 10 11 12 | 12.3
Hexes          | 1 2 3 4 5 6 7 8 9 10 11 12 | 12.3
Summonings     | 1 2 3 4 5 6 7 8 9 10 11 12 | 12.3
Necromancy     | 1 2 3 4 5 6 7 8 9 10 11 12 | 12.3
Translocations | 1 2 3 4 5 6 7 8 9 10 11 12 | 12.3
Transmutations | 4 5 6 7 8 9 10 11 12 | 12.8
Fire Magic     | 1 2 3 4 5 6 7 8 9 10 11 12 | 12.3
Ice Magic      | 1 2 3 4 5 6 7 8 9 10 11 12 | 12.3
Air Magic      | 1 2 3 4 5 6 7 8 9 10 11 12 | 12.3
Earth Magic    | 1 2 3 4 5 6 7 8 9 10 11 12 | 12.3
Poison Magic   | 1 2 3 4 5 6 7 8 9 10 11 12 | 12.3
Evocations     | 1 2 3 4 6 7 8 9 11 12 13 14 | 14.3
Dodging        | 5 6 7 8 9 10 11 13 14 | 14.9
Unarmed Combat | 7 9 10 11 12 13 14 15 | 15.4

Action                   |  1- 3 |  4- 6 |  7- 9 | 10-12 | 13-15 || total
-------------------------+-------+-------+-------+-------+-------++-------
Melee: Unarmed           |    26 |    28 |    27 |   199 |   134 ||   414
       Headbutt          |     3 |     3 |       |       |       ||     6
       Kick              |     4 |     9 |       |       |       ||    13
       Bite              |     2 |     2 |     1 |    30 |    29 ||    64
       Punch             |       |     1 |     2 |    13 |    12 ||    28
 Cast: Beastly Appendage |     1 |     2 |       |       |       ||     3
       Wereblood         |       |     1 |       |       |       ||     1
       Blade Hands       |       |       |     2 |     6 |     7 ||    15
       Ice Form          |       |       |       |     4 |     1 ||     5
Invok: Slouch            |       |       |       |       |     6 ||     6
 Abil: Stop Flying       |       |       |       |     1 |       ||     1
  Use: Potion            |       |     2 |     2 |     2 |     4 ||    10
       Scroll            |       |       |       |     3 |       ||     3
 Stab: Invisible         |       |     5 |       |       |       ||     5
       Sleeping          |       |     1 |       |       |       ||     1
Armor: Robe              |     3 |       |       |       |       ||     3
       Ring mail         |       |    10 |     4 |    14 |       ||    28
       Skin              |       |       |       |    13 |     2 ||    15
       Troll leather arm |       |       |       |    13 |    39 ||    52
Dodge: Dodged            |    14 |    17 |    16 |   196 |   184 ||   427

Table legend: (Time is in decaauts)
 A = Elapsed time spent in this place.
 B = Non-inter-level travel time spent in this place.
 C = Inter-level travel time spent in this place.
 D = Time resting spent in this place.
 E = Time spent auto-exploring this place.
 F = Levels seen in this place.
 G = Mean time per level.
                   A        B        C        D        E       F      G
               +--------+--------+--------+--------+--------+-----+--------+
         Total |   7774 |   6200 |   1574 |   3782 |      0 |   1 | 7774.0 |
       Dungeon |   7774 |   6200 |   1574 |   3782 |      0 |   1 | 7774.0 |
               +--------+--------+--------+--------+--------+-----+--------+

Top non-repeatable levels by time:
       D: 7774 daAuts
